humer, chaotic male human Rogue ------- --------- |.....+ |.......| |..<..| #..`.....| |.....| -------------- ###|.......| |.....| |............| # |.......| |..{...# |............| ### -.------- ------- --.---- ###|............| # # |.%()?| ## ###..............######## # |.[)*(| # ### |....>.......| ### ##-@m!?%. # # -------------- # # |@)+]!| # ### ### ### ------- # # 0############## # # # ### ---|-|---# ---.--- # |.......|# |......## |.......|# |.....| |.......|# |......######################0 |........# |.....| ########...>....| ------- --------- humer the Rogue Experience level: 6 Strength: 16 Dexterity: 18 Constitution: 15 Intelligence: 9 Wisdom: 7 Charisma: 10 Health: 0(45) Energy: 22(22) AC: 6 Gold: 0 Moves: 3282 Your Inventory: Weapons a - an uncursed +1 short sword (weapon in hand) b - 6 uncursed +0 daggers (in quiver) s - an [uncursed +0] sling u - 12 [uncursed] thoroughly rusty [+0] darts A - 4 [cursed -2] darts Armor c - an uncursed +1 leather armor (being worn) t - an [uncursed] +0 iron skull cap [orcish helm] (being worn) Comestibles z - 2 [uncursed] food rations F - 2 [uncursed] tripe rations Spellbooks g - an uncursed decrepit spellbook [of drain life] Potions d - an uncursed potion of sickness i - 4 uncursed clear potions named not cursed [of water] C - an [uncursed] indigo potion named not cursed [of object detection] Wands j - an [uncursed] wand of create monster [0:12] k - an [uncursed] bronze wand named ? [of make invisible (0:3)] l - an [uncursed] wand of light [0:14] m - an [uncursed] wand of create monster [0:11] n - an [uncursed] thoroughly rusty wand of digging [0:6] o - an [uncursed] grooved wand named ? [of cancellation (0:6)] p - an [uncursed] grooved wand named ? [of cancellation (0:7)] q - an [uncursed] thoroughly rusty wand of digging [0:7] r - an [uncursed] quartz wand named ? [of undead turning (0:2)] Tools e - an uncursed lock pick f - an uncursed sack x - an [uncursed] looking glass [mirror] Spells known in the end: Name Level Category Fail Memory Your skills at the end: Fighting Skills Weapon Skills dagger [Basic / Expert] short sword [Basic / Expert] Spellcasting Skills Final Attributes: You were piously aligned. Hunger level was 403. Your alignment was 25 / 26. Monster difficulty range was 0 - 5. Level difficulty was 4. You were stealthy. You were held by a large mimic. Your luck was zero. Kos was angry with you (1). You are dead. Vanquished creatures: a rock piercer a fog cloud an elf zombie 3 giant ants a little dog 2 floating eyes 4 hill orcs 4 coyotes a hobbit 2 hobgoblins 2 giant rats a brown mold a yellow mold a gnome a gnome zombie a gecko 2 jackals 2 foxes a kobold 4 goblins a sewer rat 4 grid bugs a bat 3 lichens 4 kobold zombies 5 newts 54 creatures vanquished. Voluntary challenges: You followed a strict vegan diet. You used a wielded weapon 48 times. You read items or engraved 4 times. You put on armor 4 times. You never genocided any monsters. You never polymorphed an object. You never changed form. You used no wishes. You never wrote Elbereth's name. You never encountered a bones level. You never used any Sokoban shortcuts. Dungeon overview: The Dungeons of Doom: levels 1 to 4 Level 1 a long staircase Level 2 a wand shop Level 3 an altar to Kos Level 4 <- You were here a general store, a fountain stairs to The Gnomish Mines The Gnomish Mines: Level 5 stairs to The Dungeons of Doom History has recorded: On T:1 you entered the Dungeons of Doom to retrieve the Amulet of Yendor! On T:321 you reached level 2 of The Dungeons of Doom. On T:509 you advanced to experience level 2. On T:597 you advanced to experience level 3. On T:1205 you advanced to experience level 4. On T:1555 you reached level 3 of The Dungeons of Doom. On T:1999 you advanced to experience level 5. On T:2393 you advanced to experience level 6. On T:3051 you reached level 4 of The Dungeons of Doom. On T:3207 you reached level 1 of The Gnomish Mines. Latest messages: A large mimic, holding you on the floor of a room. Pick an object. A large mimic, holding you on the floor of a room. <"Cad! You did 200 zorkmids worth of damage!" Pay? [yn]: n> "Oh, yes! You'll pay!" Inuvik zaps an iron wand! The magic missile whizzes by you! The magic missile bounces! The magic missile hits you! The magic missile hits Inuvik. You cannot escape from the large mimic! Inuvik zaps a wand of magic missile! The magic missile hits you! The magic missile bounces! The magic missile hits you! Inuvik zaps a wand of magic missile! The magic missile hits you! You die... Inuvik takes all your possessions. The sack is empty. Final status: Goodbye humer the Rogue... You died in The Dungeons of Doom on dungeon level 4 with 1450 points, and 0 pieces of gold, after 3282 moves. You were level 6 with a maximum of 45 hit points when you died.